 Dungeon Sprint DCSS version 0.30-a0-272-gf98c3da03f (webtiles) character file.

Game seed: 14250213267368370675

2384 rocky1 the Fighter (level 9, -1/67 (72) HPs)
             Began as a Djinni Fire Elementalist on Oct 16, 2022.
             Was an Initiate of Gozag.
             Slain by an orc sorcerer
             ... wielding a +0 dagger
              (7 damage)
             ... while paralysed by an orc sorcerer
             ... in the Dungeon (Sprint III: "The Ten Rune Challenge").
             The game lasted 00:04:16 (1364 turns).

rocky1 the Fighter (Djinni Fire Elementalist)       Turns: 1364, Time: 00:04:16

HP:   -1/67 (72)    AC:  4    Str:  7    XL:     9   Next: 73%
Gold: 690           EV:  2    Int: 18    God:    Gozag SH:  0 Dex: 17

rFire   + + .      SeeInvis .    k - +0 long sword (holy)
rCold   x . .      Faith    .    (no shield)
rNeg    . . .      Spirit   .    m - +0 leather armour
rPois   ∞          Reflect  .    (no helmet)
rElec   .          Harm     .    (no cloak)
rCorr   .          Rampage  .    (no gloves)
Will    .....      NoTele   +    (boots unavailable)
Stlth   +++.......               (no amulet)
HPRegen 0.31/turn                (no ring)
MPRegen 0.00/turn                (no ring)

@: paralysed, on berserk cooldown, flying, slowed, drained
A: sickness immunity, fire resistance 2, cold vulnerability 1, float, innate
caster, HP casting, extra vitality 1
a: Renounce Religion, Potion Petition, Call Merchant, Bribe Branch


You were in the Dungeon.
You worshipped Gozag.
Gozag was pleased with you.
You visited 1 branch You collected 690 gold pieces.

Inventory:

Hand Weapons
 k - a +0 long sword of holy wrath (weapon)
Armour
 a - a +0 robe
 m - a +0 leather armour (worn)
Scrolls
 f - a scroll of blinking
 i - 2 scrolls of torment {unknown}
 j - 3 scrolls of identify
Potions
 b - a potion of curing
 c - a potion of heal wounds
 d - a potion of haste
 g - a potion of lignification {unknown}
 h - 5 potions of mutation {unknown}
Miscellaneous
 l - a lightning rod (4/4)


   Skills:
 + Level 9.2 Fighting
 * Level 7.4 Long Blades
 - Level 7.5 Armour
 - Level 8.6 Dodging
 - Level 6.3 Stealth
 + Level 7.6 Spellcasting
 * Level 7.3 Evocations


You had one spell level left.
You knew the following spells:

 Your Spells              Type           Power      Damage    Failure   Level
a - Foxfire               Conj/Fire      100%       2x1d9     1%          1
b - Scorch                Fire           68%        2d8       1%          2
c - Kindle Blastsparks    Fire/Tloc/Air  68%        2d15      1%          3
d - Inner Flame           Hex/Fire       34%        N/A       1%          3
e - Flame Wave            Conj/Fire      34%        2d10      6%          4
f - Freeze                Ice            100%       1d10      1%          1
g - Momentum Strike       Conj/Tloc      68%        3d9       1%          2
h - Stone Arrow           Conj/Erth      68%        3d11      1%          3
i - Portal Projectile     Hex/Tloc       68%        N/A       1%          3
Your spell library was empty.

Dungeon Overview and Level Annotations

Branches:
Dungeon (1/1)

Altars:
Cheibriados
Dithmenos
Elyvilon
Fedhas
Gozag
Hepliaklqana
Makhleb
Nemelex Xobeh
Okawaru
Qazlal
Ru
Trog
Uskayaw
Wu Jian
Xom
Yredelemnul
Zin
The Shining One
Jiyva
Lugonu


Innate Abilities, Weirdness & Mutations

You are immune to sickness and miasma.
You are immune to poison.
Your flesh is very heat resistant. (rF++)
You are vulnerable to cold. (rC-)
You float through the air rather than walking.
You learn spells naturally, not from books.
Your magical power is your life essence.
You have superior vitality. (+4 MHP)


Message History

You feel yourself slow down.
The orc sorcerer is distracted by your dazzling golden aura.
The orc sorcerer shouts!
You start resting.
An orc sorcerer is nearby!
Casting: Scorch (safe; 1% risk of failure)
Confirm with . or Enter, or press ? or * to list all spells.
Flames lash the orc sorcerer.
The orc sorcerer is lightly wounded.
The orc sorcerer's fire resistance burns away.
Casting: Scorch (safe; 1% risk of failure)
Confirm with . or Enter, or press ? or * to list all spells.
Flames lash the orc sorcerer but do no damage.
* * * LOW HITPOINT WARNING * * *
The orc sorcerer points at you and mumbles some strange words.
The bolt of negative energy hits you!!
You feel drained.
* * * LOW HITPOINT WARNING * * *
The orc sorcerer gestures at you while chanting.
The bolt of fire misses you.
You feel much better.
The orc sorcerer is no longer more vulnerable to fire.
The orc sorcerer's eyes start to glow.
Unknown command.
Casting: Scorch (safe; 1% risk of failure)
Confirm with . or Enter, or press ? or * to list all spells.
Flames lash the orc sorcerer.
The orc sorcerer is lightly wounded.
The orc sorcerer's fire resistance burns away.
The orc sorcerer hits you with a +0 dagger.
The orc sorcerer casts a spell at you.
You suddenly lose the ability to move!
The orc sorcerer points at you and mumbles some strange words.
The bolt of negative energy hits you!
You feel drained.
* * * LOW HITPOINT WARNING * * *
The orc sorcerer is no longer more vulnerable to fire.
The orc sorcerer hits you with a +0 dagger.
* * * LOW HITPOINT WARNING * * *
The orc sorcerer hits you with a +0 dagger!
You die...
Your body crumbles into a pile of gold. ▓▓▓▓▓▓▓▓ ▓▓▓ .'.....♣♣ ♣.############ $ .#......♣ ♣♣.#___#___#__#$$o ##$$ ##.....♣♣ ♣..#...#__)#._#.$ .oo

.#....~.♣♣♣..###'#'###)##$$ oo
.#...~~♣...♣.#..........#.$oo
.#..~~~~♣.♣♣.'.⌠.....o$.#o#$ $
$$ †#..†≈≈~~~♣..#..o######'#$$
$
.#.~~≈~~~....#.⌠@#__#...#'#####
.#.~≈~~~.....#...#__#...#..§~~+
.#.~†~.......#)###__#...#.#§~~#
##...........#.::#__#...o.#§§.#
.............#___#__'...#.#§§§#
▓▓▓▓▓▓▓▓▓▓▓▓▓▓▓▓▓▓▓▓▓▓▓▓▓▓▓▓▓▓▓


You could see an orc sorcerer.

Vanquished Creatures
  Snorg (D)
  A deep elf pyromancer (D)
  A shadow (D)
  A spatial vortex (D)
  A necrophage (D)
  A water elemental (D)
  A jelly (D)
  A necromancer (D)
  A wizard (D)
  3 humans (D)
  A kobold demonologist (D)
  A wolf (D)
  An endoplasm (D)
  3 rats (D)
18 creatures vanquished.

Vanquished Creatures (others)
  An orc high priest (D)
  30 foxfires (D)
31 creatures vanquished.

Grand Total: 49 creatures vanquished

Notes
Turn   | Place    | Note
-------+----------+-------------------------------------------
     0 | D        | rocky1 the Djinni Fire Elementalist began the quest for the
                  | Orb.
     0 | D        | rocky1 set off with the following spells memorised:
                  | Foxfire, Scorch, Kindle Blastsparks, Inner Flame, Flame
                  | Wave.
     0 | D        | Reached XP level 1. HP: 15/15 MP: 0/0
    72 | D        | Reached skill level 1 in Fighting
    72 | D        | Reached skill level 1 in Armour
   170 | D        | Noticed a wolf
   182 | D        | Reached skill level 2 in Fighting
   182 | D        | Reached XP level 2. HP: 13/23 MP: 0/0
   182 | D        | Reached XP level 3. HP: 16/28 MP: 0/0
   182 | D        | Learned a level 1 spell: Freeze
   272 | D        | Noticed a water elemental
   277 | D        | Killed a water elemental
   278 | D        | Reached skill level 3 in Fighting
   278 | D        | Reached XP level 4. HP: 16/37 MP: 0/0
   278 | D        | Reached XP level 5. HP: 18/41 MP: 0/0
   278 | D        | Learned a level 2 spell: Momentum Strike
   371 | D        | Found a glowing silver altar of Zin.
   371 | D        | Found a glowing golden altar of the Shining One.
   371 | D        | Found a white marble altar of Elyvilon.
   371 | D        | Noticed a deep elf pyromancer
   377 | D        | Killed a deep elf pyromancer
   378 | D        | Reached skill level 6 in Fighting
   378 | D        | Reached skill level 5 in Spellcasting
   378 | D        | Reached XP level 6. HP: 25/51 MP: 0/0
   378 | D        | Reached XP level 7. HP: 28/57 MP: 0/0
   378 | D        | Learned a level 3 spell: Stone Arrow
   493 | D        | Noticed a shadow
   498 | D        | Killed a shadow
   499 | D        | Reached skill level 7 in Fighting
   499 | D        | Reached XP level 8. HP: 33/64 MP: 0/0
   674 | D        | Found a blossoming altar of Fedhas.
   674 | D        | Found a stormy altar of Qazlal.
   674 | D        | Found a snail-covered altar of Cheibriados.
   674 | D        | Found a burning altar of Makhleb.
   674 | D        | Found a shimmering altar of Xom.
   675 | D        | Found a hazy altar of Hepliaklqana.
   675 | D        | Found an opulent altar of Gozag.
   675 | D        | Found a sparkling altar of Nemelex Xobeh.
   675 | D        | Found a corrupted altar of Lugonu.
   675 | D        | Found a viscous altar of Jiyva.
   680 | D        | Became a worshipper of Gozag Ym Sagoz the Greedy
   907 | D        | Found a basalt altar of Yredelemnul.
   907 | D        | Found a shadowy altar of Dithmenos.
   907 | D        | Found a sacrificial altar of Ru.
   910 | D        | Reached skill level 1 in Evocations
   923 | D        | Found a hide-covered altar of Uskayaw.
   923 | D        | Found an iron altar of Okawaru.
   923 | D        | Found a bloodstained altar of Trog.
   923 | D        | Found an ornate altar of the Wu Jian Council.
   923 | D        | Noticed a human
   923 | D        | Noticed a human
   929 | D        | Killed a human
   933 | D        | Killed a human
   934 | D        | Reached skill level 8 in Fighting
  1192 | D        | Noticed Snorg
  1199 | D        | Killed Snorg
  1200 | D        | Reached XP level 9. HP: 32/71 MP: 0/0
  1200 | D        | Learned a level 3 spell: Portal Projectile
  1326 | D        | Noticed an orc sorcerer
  1326 | D        | Noticed an orc high priest
  1327 | D        | Noticed an orc sorcerer
  1342 | D        | Noticed a smoke demon
  1344 | D        | Noticed a hellwing
  1348 | D        | Killed an orc high priest
  1349 | D        | Reached skill level 9 in Fighting
  1359 | D        | HP: 1/69 [orc sorcerer/bolt of negative energy (20)]
  1361 | D        | Paralysed by an orc sorcerer for 4 turns
  1364 | D        | Slain by an orc sorcerer

Illustrated notes

Levels and vault maps discovered:
D:        dungeon_sprint_mu [sprint_mu_entry_forest, sprint_mu_temple_rooms,
          sprint_mu_d1_horrors, sprint_mu_d2_genie, sprint_mu_d3_branching,
          sprint_mu_orc_legion, sprint_mu_elf_gauntlet, sprint_mu_hive_nellie,
          sprint_mu_lair_fedhas, sprint_mu_vaults_butterflies,
          sprint_mu_slime_circle, sprint_mu_swamp_cave, sprint_mu_snake_twists,
          sprint_mu_blade_basic, sprint_mu_crypt_lich, sprint_mu_tomb_spiral,
          sprint_mu_vestibule_basic, sprint_mu_gehenna_hellfire,
          sprint_mu_dis_giant, sprint_mu_tartarus_statrot,
          sprint_mu_cocytus_islands, sprint_mu_zot1]

Skill      XL: |  1  2  3  4  5  6  7  8  9 |
---------------+----------------------------+-----
Fighting       | 2 3 6 7 8 9 |  9.2
Armour         | 2 3 6 7 |  7.5
Stealth        | 2 3 6 |  6.3
Dodging        | 3 4 7 8 |  8.6
Spellcasting   | 3 5 6 7 |  7.6
Long Blades    | 2 6 7 |  7.4
Evocations     | 6 7 |  7.3

Action                   |  1- 3 |  4- 6 |  7- 9 || total
-------------------------+-------+-------+-------++-------
Melee: Long sword        |       |       |    23 ||    23
       Punch             |       |       |     1 ||     1
 Cast: Foxfire           |    14 |       |     4 ||    18
       Scorch            |     4 |     6 |    34 ||    44
  Use: Potion            |       |       |     2 ||     2
Armor: Robe              |     1 |       |       ||     1
       Leather armour    |       |       |     4 ||     4
Dodge: Dodged            |     5 |     1 |    25 ||    31

Table legend: (Time is in decaauts)
 A = Elapsed time spent in this place.
 B = Non-inter-level travel time spent in this place.
 C = Inter-level travel time spent in this place.
 D = Time resting spent in this place.
 E = Time spent auto-exploring this place.
 F = Levels seen in this place.
 G = Mean time per level.
                   A        B        C        D        E       F      G
               +--------+--------+--------+--------+--------+-----+--------+
         Total |   1371 |   1371 |      0 |   1007 |      0 |   1 | 1371.0 |
       Dungeon |   1371 |   1371 |      0 |   1007 |      0 |   1 | 1371.0 |
               +--------+--------+--------+--------+--------+-----+--------+

Top non-repeatable levels by time:
       D: 1371 daAuts
